 Dungeon Crawl Stone Soup version 0.17-a0-1430-g49fde19 (webtiles) character file.

291 ztt the Bolt Thrower (level 6, -2/50 HPs)
             Began as a Minotaur Hunter on June 25, 2015.
             Slain by Grinder (6 damage)
             ... on level 4 of the Dungeon.
             The game lasted 00:07:39 (3123 turns).

ztt the Bolt Thrower (Minotaur Hunter)              Turns: 3123, Time: 00:07:39

Health: -2/50      AC:  5    Str: 18    XL:     6   Next: 10%
Magic:  5/5        EV: 12    Int:  8    God:
Gold:   114        SH:  0    Dex: 11    Spells: 0 memorised, 5 levels left

rFire  . . .     SeeInvis .     v - +0 hand axe
rCold  . . .     Clarity  .     d - +0 leather armour
rNeg   . . .     SustAt   .     (no shield)
rPois  .         Gourm    .     j - +2 hat
rElec  .         Spirit   .     (no cloak)
rCorr  .         Warding  .     (no gloves)
rMut   .         Stasis   .     (no boots)
MR     .....                    (no amulet)
Stlth  +.........               (no ring)
                                (no ring)

@: not resistant to hostile enchantments, very unstealthy
A: retaliatory headbutt, horns 2
a: no special abilities


You were on level 4 of the Dungeon.
You were not hungry.

You visited 1 branch of the dungeon, and saw 4 of its levels.

You collected 114 gold pieces.

Inventory:

Hand weapons
 a - a +2 hand crossbow
 c - a +0 short sword
 v - a +0 hand axe (weapon)
Armour
 d - a +0 leather armour (worn)
 j - a +2 hat (worn)
 p - a +0 cloak
Magical devices
 r - a wand of frost (14)
 t - a wand of random effects (34)
Scrolls
 g - a scroll of recharging
 m - 2 scrolls of identify
 q - a scroll of immolation {unknown}
 s - a scroll of remove curse
Potions
 f - a potion of resistance
 h - 3 potions of curing {unknown}
 i - 5 potions of might {unknown}
 l - 2 potions of agility {unknown}
 o - 2 potions of lignification {unknown}
Books
 u - a book of Hinderance

   Spells                             Type                      Level
   a - Confusing Touch                Hexes                        2
   b - Confuse                        Hexes                        3
   c - Gell's Gravitas                Hexes/Translocation          3
   d - Petrify                        Transmutation/Earth          4
   e - Metabolic Englaciation         Hexes/Ice                    5
Comestibles
 e - 7 bread rations
 k - a beef jerky
 n - 5 meat rations


   Skills:
 + Level 2.4 Fighting
 + Level 7.1 Crossbows
 + Level 3.1 Armour
 + Level 3.0 Dodging
 - Level 0.7 Stealth


You had 5 spell levels left.
You didn't know any spells.

Dungeon Overview and Level Annotations

Branches:
Dungeon (4/15)
 Temple: D:4-7

Altars:
Ashenzari
Ru
Sif Muna
The Shining One

Annotations:
D:3 confidenceinterval's ghost, average MfSk
D:4 Grinder


Innate Abilities, Weirdness & Mutations

You reflexively headbutt those who attack you in melee.
You have a pair of horns on your head.


Message History

Pain shoots through your body! Grinder gestures at you.
Pain shoots through your body!
* * * LOW HITPOINT WARNING * * *
You are too injured to fight recklessly!
You are too injured to fight recklessly!
Unknown command.
You are too injured to fight recklessly!
Grinder hits you.
* * * LOW HITPOINT WARNING * * *
You writhe in agony.
* * * LOW HITPOINT WARNING * * *
Drink which item? (? for menu, Esc to quit)
Okay, then.
You closely miss Grinder.
Grinder is almost dead.
Grinder hits you.
* * * LOW HITPOINT WARNING * * *
You writhe in agony.
You die...

..... #..#......
..#..##..#......
...............
#.#..........#
.##...((...#
.....(..#.......
###..##.####.###
.....#5(.......
.....#.@#######.
.. ..#..# #
#.#..# # #.#..#
#.##.#..###.#
#.............
###
####.########.
....####.#
#.....#


You could see Grinder.

Vanquished Creatures
  Sigmund (D:3)
  A hound (D:4)
  Jessica (D:3)
  2 adders (D:3)
  An adder skeleton (D:4)
  A worm (D:2)
  2 giant geckos (D:3)
  An orc (D:4)
  A bat skeleton (D:3)
  5 hobgoblins
  6 kobolds
  A quokka (D:3)
  A ball python (D:2)
  8 bats
  A giant cockroach (D:1)
  5 giant newts
  10 goblins
  7 jackals (D:1)
  8 rats
63 creatures vanquished.

Notes
Turn   | Place    | Note
--------------------------------------------------------------
     0 | D:1      | ztt the Minotaur Hunter began the quest for the Orb.
     0 | D:1      | Reached XP level 1. HP: 18/18 MP: 0/0
    53 | D:1      | Reached XP level 2. HP: 18/25 MP: 1/1
   237 | D:1      | Reached skill level 5 in Crossbows
  1067 | D:2      | Found a shattered altar of Ashenzari.
  1091 | D:2      | Reached XP level 3. HP: 30/30 MP: 2/2
  1593 | D:2      | Found a deep blue altar of Sif Muna.
  1688 | D:3      | Reached skill level 1 in Armour
  1763 | D:3      | Noticed confidenceinterval's ghost (average MfSk)
  2018 | D:3      | Noticed Jessica
  2022 | D:3      | Killed Jessica
  2022 | D:3      | Reached XP level 4. HP: 37/37 MP: 3/3
  2034 | D:3      | Noticed Sigmund
  2042 | D:3      | Killed Sigmund
  2042 | D:3      | Reached skill level 7 in Crossbows
  2042 | D:3      | Reached XP level 5. HP: 15/42 MP: 4/4
  2276 | D:3      | Found a glowing golden altar of the Shining One.
  2583 | D:3      | Found a sacrificial altar of Ru.
  3046 | D:4      | Noticed Grinder
  3048 | D:4      | Reached XP level 6. HP: 39/50 MP: 5/5
  3087 | D:4      | Paralysed by Grinder for 4 turns
  3105 | D:4      | Paralysed by Grinder for 4 turns
  3123 | D:4      | Slain by Grinder

Vault maps used:
D:1:      minmay_arrival_open_corners, minmay_misc_feat_roman,
          serial_bayou_pond_d, kennysheep_nondescript
D:2:      led_sif_pool, lemuel_crystal_altar
D:3:      lemuel_crystal_altar, first_bread, nicolae_tso_carved_into_rock,
          uniq_jessica, uniq_sigmund
D:4:      gammafunk_temple_overflow_statue, elyvilon_altar_5, uniq_duvessa,
          uniq_grinder

Action                   |  1- 3 |  4- 6 || total
-------------------------+-------+-------++-------
Melee: Short sword       |     6 |    28 ||    34
       Hand axe          |       |     5 ||     5
 Fire: Hand crossbow     |    91 |    21 ||   112
  Use: Scroll            |     7 |     1 ||     8
  Eat: Beef jerky        |     1 |       ||     1
       Fruit             |     8 |       ||     8
